 Dungeon Crawl Stone Soup version 0.25-a0-356-g7c9d860b3b (webtiles) character file.

Game seed: 8597704352848916562, levelgen mode: deterministic

2027 Error4North the Cleaver (level 9, -4/74 HPs)
             Began as a Hill Orc Fighter on Jan 4, 2020.
             Was a Follower of Okawaru.
             Slain by an orc warrior
             ... wielding a +0 glaive
              (24 damage)
             ... on level 7 of the Dungeon.
             The game lasted 00:23:22 (6726 turns).

Error4North the Cleaver (Hill Orc Fighter)          Turns: 6726, Time: 00:23:22

Health: -4/74      AC: 11    Str: 20    XL:     9   Next: 23%
Magic:  12/12      EV:  6    Int: 10    God:    Okawaru [*.....]
Gold:   472        SH: 14    Dex: 14    Spells: 12/12 levels left

rFire    + . .     SeeInvis .   a - +0 war axe
rCold    . . .     Gourm    .   c - +0 shield
rNeg     . . .     Faith    .   w - +0 chain mail
rPois    .         Spirit   .   (no helmet)
rElec    .         Reflect  +   (no cloak)
rCorr    .         Harm     .   (no gloves)
MR       .....                  u - +0 pair of boots
Stlth    ..........             G - +3 amulet of reflection
HPRegen  0.22/turn              J - ring of protection from fire
MPRegen  0.13/turn              C - +4 ring of dexterity

@: no status effects
A: no striking features
a: Heroism, Renounce Religion


You were on level 7 of the Dungeon.
You worshipped Okawaru.
Okawaru was aware of your devotion.
You were not hungry.

You visited 2 branches of the dungeon, and saw 8 of its levels.

You collected 472 gold pieces.

Inventory:

Hand Weapons
 a - a +0 war axe (weapon)
Missiles
 I - 5 atropa-tipped darts (quivered)
Armour
 c - a +0 shield (worn)
 u - a +0 pair of boots (worn)
 w - a +0 chain mail (worn)
Jewellery
 k - an uncursed ring of positive energy
 C - a +4 ring of dexterity (right hand)
 G - a +3 amulet of reflection (around neck)
 J - a ring of protection from fire (left hand)
Wands
 x - a wand of random effects (27)
Scrolls
 h - a scroll of remove curse {unknown}
 i - a scroll of teleportation {unknown}
 n - 2 scrolls of random uselessness {unknown}
 o - 2 scrolls of amnesia {unknown}
 p - a scroll of noise {unknown}
 q - 5 scrolls of blinking {unknown}
 v - 5 scrolls of enchant weapon {unknown}
 y - a scroll of magic mapping {unknown}
 A - a scroll of immolation {unknown}
 D - a scroll of brand weapon {unknown}
 F - a scroll of fear {unknown}
 H - a scroll of enchant armour {unknown}
Potions
 b - a potion of magic {unknown}
 d - a potion of might
 e - a potion of mutation {unknown}
 g - a potion of brilliance {unknown}
 j - a potion of cancellation {unknown}
 l - a potion of haste
 m - a potion of heal wounds
 r - a potion of flight {unknown}
 s - a potion of lignification
 t - a potion of agility {unknown}
 z - a potion of berserk rage {unknown}
 B - 2 potions of curing {unknown}
 E - a potion of resistance {unknown}
Comestibles
 f - 12 rations


   Skills:
 + Level 5.6 Fighting
 + Level 8.1 Axes
 * Level 6.8 Armour
 + Level 1.2 Dodging
 + Level 0.2 Stealth
 * Level 6.7 Shields
 * Level 2.3 Spellcasting
 * Level 3.1 Invocations
 * Level 2.8 Evocations


You had 12 spell levels left.
You didn't know any spells.
Your spell library contained the following spells:

 Spells                   Type           Power        Failure   Level  Hunger
 Sting                    Tmut/Pois      #...         100%        1    ##.....
 Poisonous Vapours        Pois/Air       #.....       100%        2    ###....
 Ignite Poison            Fire/Tmut/Pois #.......     100%        3    ####...
 Mephitic Cloud           Conj/Pois/Air  #.......     100%        3    ####...
 Olgreb's Toxic Radiance  Pois           #.......     100%        4    #####..


Dungeon Overview and Level Annotations

Branches:
Dungeon (7/15)             Temple (1/1) D:5

Altars:
Ashenzari
Cheibriados
Dithmenos
Elyvilon
Fedhas
Gozag
Hepliaklqana
Kikubaaqudgha
Makhleb
Nemelex Xobeh
Okawaru
Ru
Sif Muna
Trog
Uskayaw
Vehumet
Wu Jian
Xom
Yredelemnul
The Shining One


Message History

The orc warrior shouts!
The orc warrior hits you from afar with a +0 glaive!
The orc warrior hits you with a +0 glaive!
You closely miss the orc warrior.
The orc warrior hits you with a +0 glaive!!
Your shield and chain mail prevent you from hitting the orc warrior.
The orc warrior hits you with a +0 glaive!
* * * LOW HITPOINT WARNING * * *
You slash the orc warrior!
The orc warrior is moderately wounded.
You hit the orc warrior.
The orc warrior is heavily wounded.
The orc warrior barely misses you.
You hit the orc warrior but do no damage.
The orc warrior is heavily wounded.
The orc warrior completely misses you.
You hit the orc warrior.
The orc warrior is heavily wounded.
The orc warrior hits you with a +0 glaive!!
You die...

#....#..####.#..†#
###.##....####.#..##
#...#..........#..#
...............#..###
.####........)..>...#
.####...............#
....#...............#
.......#########o...#
....##..#######.@...#
...)###..........†..#
...†.)....#####.....#
....##..### #....###
.......## #......#
..<.#### #.##...#
.....# #. #...#
.....# # ##### ####..


You could see an orc warrior.

Vanquished Creatures
  Prince Ribbit (D:7)
  A hungry ghost (D:7)
  An orc warrior (D:7)
  An ice beast (D:6)
  A sky beast (D:7)
  3 ogres
  A phantom (D:5)
  A big kobold (D:7)
  A bullfrog (D:7)
  2 scorpions
  A howler monkey (D:5)
  2 centaur zombies
  4 hounds
  Crazy Yiuf (D:7)
  A centaur skeleton (D:5)
  An orc priest (D:7)
  4 orc wizards
  A bullfrog skeleton (D:4)
  2 iguanas
  3 worker ants
  A howler monkey zombie (D:5)
  A howler monkey skeleton (D:5)
  11 adders
  2 shadow imps
  2 oozes
  5 worms
  3 dart slugs
  3 leopard geckos
  18 orcs
  A ball python (D:7)
  4 giant cockroaches
  11 goblins
  4 hobgoblins
  20 jackals
  10 kobolds
  6 quokkas
  9 bats
  7 frilled lizards
  A leopard gecko skeleton (D:4)
  2 quokka skeletons
  7 rats
161 creatures vanquished.

Vanquished Creatures (others)
  A kobold (D:7)
1 creature vanquished.

Grand Total: 162 creatures vanquished

Notes
Turn   | Place    | Note
-------+----------+-------------------------------------------
     0 | D:1      | Error4North the Hill Orc Fighter began the quest for the
                  | Orb.
     0 | D:1      | Reached XP level 1. HP: 19/19 MP: 1/1
   267 | D:1      | Reached XP level 2. HP: 27/27 MP: 2/2
   815 | D:2      | Reached XP level 3. HP: 32/33 MP: 3/3
   977 | D:2      | Reached skill level 3 in Axes
  1058 | D:2      | Reached XP level 4. HP: 20/40 MP: 4/4
  1090 | D:2      | Found a hide-covered altar of Uskayaw.
  1336 | D:2      | Found a faded altar of an unknown god.
  1540 | D:2      | Found a blossoming altar of Fedhas.
  1969 | D:3      | Reached XP level 5. HP: 44/46 MP: 6/6
  2200 | D:3      | Reached skill level 1 in Spellcasting
  2237 | D:3      | Reached skill level 4 in Axes
  2971 | D:4      | Reached skill level 5 in Axes
  2971 | D:4      | Reached XP level 6. HP: 50/52 MP: 7/7
  3392 | D:4      | Reached XP level 7. HP: 45/60 MP: 8/8
  3510 | D:4      | Found a white marble altar of Elyvilon.
  3659 | D:5      | Entered Level 5 of the Dungeon
  3675 | D:5      | Reached skill level 5 in Shields
  3679 | D:5      | Reached skill level 5 in Armour
  3687 | D:5      | Reached skill level 6 in Axes
  3916 | D:5      | Reached skill level 5 in Fighting
  3922 | D:5      | Found an ornate altar of the Wu Jian Council.
  4205 | D:5      | Found a staircase to the Ecumenical Temple.
  4214 | Temple   | Entered the Ecumenical Temple
  4258 | Temple   | Became a worshipper of Warmaster Okawaru
  4644 | D:4      | Reached XP level 8. HP: 37/68 MP: 10/10
  4804 | D:5      | Reached skill level 1 in Invocations
  4832 | D:5      | Found a burning altar of Makhleb.
  4833 | D:5      | Found a basalt altar of Yredelemnul.
  5143 | D:6      | Found an iron altar of Okawaru.
  5187 | D:6      | Found an opulent altar of Gozag.
  5378 | D:6      | Reached skill level 1 in Dodging
  5378 | D:6      | Reached skill level 1 in Evocations
  5606 | D:6      | Reached skill level 7 in Axes
  5703 | D:7      | Reached * piety under Okawaru
  6305 | D:7      | Reached XP level 9. HP: 47/74 MP: 12/12
  6398 | D:7      | Noticed Prince Ribbit
  6446 | D:7      | Found a runed translucent door.
  6447 | D:7      | Noticed Crazy Yiuf
  6451 | D:7      | Killed Crazy Yiuf
  6632 | D:7      | Reached skill level 8 in Axes
  6645 | D:7      | Killed Prince Ribbit
  6726 | D:7      | Slain by an orc warrior

Levels and vault maps discovered:
D:1:      matt_arrival_los_fun, layout_basic
D:2:      wander_river, layout_rooms, eat_drink_and_be_merry_uskayaw,
          fedhas_altar_1, first_ration, chequers_ecumenical_altar_island
D:3:      kennysheep_six_static_rooms, layout_loops_corners
D:4:      layout_basic, elyvilon_altar_1
D:5:      layout_cave_pods, gammafunk_temple_overflow_statue, kennysheep_mini,
          minmay_temple_entry_poolview
D:6:      layout_loops_ring, nicolae_gozag_cash_rules_everything_around_me,
          okawaru_ov_weapons_minmay
D:7:      layout_rooms, uniq_prince_ribbit1, uniq_crazy_yiuf_cottage
Temple:   nicolae_temple_figure_eight

Skill      XL: |  1  2  3  4  5  6  7  8  9 |
---------------+----------------------------+-----
Fighting       | 4 5 |  5.6
Axes           | 3 5 6 7 8 |  8.1
Shields        | 4 5 6 |  6.7
Armour         | 4 5 6 |  6.8
Spellcasting   | 1 2 |  2.3
Invocations    | 2 3 |  3.1
Dodging        | 1 |  1.2
Evocations     | 2 |  2.8
Stealth        | |  0.2

Action                   |  1- 3 |  4- 6 |  7- 9 || total
-------------------------+-------+-------+-------++-------
Melee: War axe           |   119 |   240 |   268 ||   627
Invok: Heroism           |       |       |     2 ||     2
  Use: Scroll            |       |       |     6 ||     6
       Potion            |       |       |     4 ||     4
  Eat: Chunk             |     1 |     7 |    10 ||    18
       Ration            |       |       |     2 ||     2
Armor: Scale mail        |    63 |    67 |       ||   130
       Chain mail        |       |    89 |   111 ||   200
       Skin              |       |       |    19 ||    19
Dodge: Dodged            |    42 |    74 |    54 ||   170
Block: Shield            |    89 |   125 |   187 ||   401
       Reflection        |       |       |     6 ||     6

Table legend:
 A = Non-vault XP
 B = Vault XP
 C = Vault XP percentage of total XP
 D = Non-vault monster count
 E = Vault monster count
 F = Vault count percentage of total count
                 A         B        C        D         E       F
            +---------+---------+-------+---------+---------+-------
      Total |    2566 |     331 |  11.4 |     154 |       8 |   4.9
            +---------+---------+-------+---------+---------+-------
        D:1 |      33 |       0 |   0.0 |      20 |       0 |   0.0
        D:2 |     105 |       0 |   0.0 |      25 |       0 |   0.0
        D:3 |     167 |      13 |   7.2 |      33 |       6 |  15.4
        D:4 |     446 |       0 |   0.0 |      21 |       0 |   0.0
        D:5 |     577 |       0 |   0.0 |      24 |       0 |   0.0
        D:6 |     201 |       0 |   0.0 |       6 |       0 |   0.0
        D:7 |    1037 |     318 |  23.5 |      25 |       2 |   7.4
            +---------+---------+-------+---------+---------+-------
